 Dungeon Crawl Stone Soup version 0.30-a0-583-g19bae12e61 (webtiles) character file.

Game seed: 10831342342573628144

10092 Citaku the Protected (level 11, -2/97 HPs)
             Began as a Minotaur Fighter on Jan 1, 2023.
             Was an Elder of Okawaru.
             Slain by a freezing wraith (11 damage)
             ... on level 10 of the Dungeon.
             The game lasted 00:44:26 (11200 turns).

Citaku the Protected (Minotaur Fighter)            Turns: 11200, Time: 00:44:26

Health: -2/97      AC: 18    Str: 29    XL:     11   Next: 31%
Magic:  4/10       EV:  9    Int:  7    God:    Okawaru [****..]
Gold:   233        SH:  6    Dex: 13    Spells: 10/10 levels left

rFire   . . .      SeeInvis .    p - +3 hand axe "Siboogewn" {freeze, rPois rN++ rCorr}
rCold   + . .      Faith    .    c - +0 buckler
rNeg    + + .      Spirit   .    w - +0 plate armour
rPois   +          Reflect  .    (helmet restricted)
rElec   .          Harm     .    (no cloak)
rCorr   +          Rampage  .    x - +1 pair of gloves {Str+3}
Will    .....                    (no boots) Stlth
                                 (no amulet)
HPRegen 0.36/turn                a - ring of flight
MPRegen 0.12/turn                k - +6 ring of strength

@: about to teleport, flying, hasted and slowed
A: horns 2, retaliatory headbutt, cold resistance 1, wild magic 1
a: Renounce Religion, Heroism, Finesse


You were on level 10 of the Dungeon.
You worshipped Okawaru.
Okawaru was greatly pleased with you.
You visited 2 branches of the dungeon, and saw 11 of its levels.
You also visited: Ossuary.

You collected 537 gold pieces.
You spent 304 gold pieces at shops.

Inventory:

Hand Weapons
 p - the +3 hand axe "Siboogewn" (weapon) {freeze, rPois rN++ rCorr}
   (You found it on level 2 of the Dungeon)

   It freezes those it strikes, dealing additional cold damage.
   It can also slow down cold-blooded creatures.
   rPois:     It protects you from poison.
   rN:        It greatly protects you from negative energy.
   rCorr:     It protects you from acid and corrosion.
Armour
 c - a +0 buckler (worn)
 w - a +0 plate armour (worn)
 x - a +1 pair of gloves of strength (worn)
Jewellery
 a - a ring of flight (left hand)
 e - a ring of protection from fire
 g - a ring of poison resistance
 i - a ring of willpower
 j - a +6 ring of intelligence
 k - a +6 ring of strength (right hand)
 l - a ring of see invisible
 m - a +6 ring of dexterity
 n - a ring of protection from fire
 o - a ring of magical power
 B - a ring of willpower
 C - a ring of willpower
 E - a ring of protection from cold
 F - a ring of ice
Wands
 d - a wand of polymorph (16)
 r - a wand of flame (36)
Scrolls
 h - 5 scrolls of teleportation
 q - a scroll of vulnerability
 s - a scroll of fog
 v - a scroll of enchant weapon
 y - a scroll of immolation
Potions
 b - 2 potions of degeneration
 A - a potion of brilliance
Miscellaneous
 I - a piece from Xom's chessboard (15/15)


   Skills:
 + Level 9.5 Fighting
 + Level 12.0 Axes
 + Level 12.8 Armour
 + Level 4.7 Dodging
 + Level 2.4 Stealth
 + Level 7.7 Shields
 + Level 0.5 Invocations


You had 10 spell levels left.
You didn't know any spells.
Your spell library contained the following spells:

 Spells                   Type           Power      Damage    Failure   Level
 Magic Dart               Conj           0%         1d3       99%         1
 Mephitic Cloud           Conj/Pois/Air  0%         N/A       100%        3
 Portal Projectile        Hex/Tloc       0%         N/A       100%        3
 Leda's Liquefaction      Hex/Erth       0%         N/A       100%        4
 Summon Small Mammal      Summ           Unusable   N/A       N/A         1
 Call Imp                 Summ           Unusable   N/A       N/A         2
 Call Canine Familiar     Summ           Unusable   N/A       N/A         3
 Summon Guardian Golem    Hex/Summ       Unusable   N/A       N/A         3

Dungeon Overview and Level Annotations

Branches:
Dungeon (10/15)            Temple (1/1) D:7            Lair (0/5) D:10
    Orc (0/2) D:10        Ossuary (visited)

Altars:
Ashenzari
Cheibriados
Dithmenos
Elyvilon
Fedhas
Gozag
Hepliaklqana
Kikubaaqudgha
Makhleb
Nemelex Xobeh
Okawaru
Qazlal
Ru
Sif Muna
Trog
Uskayaw
Vehumet
Wu Jian
Xom
Yredelemnul
Zin
The Shining One

Shops:
D:7 *[[([

Annotations:
D:6 1 transporter, bosakos's ghost, novice MfGl


Innate Abilities, Weirdness & Mutations

You have a pair of horns on your head.
You reflexively headbutt those who attack you in melee.
Your flesh is cold resistant. (rC+)
Your spells are a little harder to cast, but a little more powerful.


Message History

Your headbutt misses the freezing wraith.
You closely miss the freezing wraith. You closely miss the freezing wraith.
You block the freezing wraith's attack. The freezing wraith hits you!
The freezing wraith drains your vigour!
You feel yourself slow down.
You hit the freezing wraith.
The freezing wraith is lightly damaged.
You feel better.
The freezing wraith hits you but does no damage.
The freezing wraith hits you. The freezing wraith drains your vigour!
You feel as though you will be slow longer.
You closely miss the freezing wraith.
The freezing wraith is lightly damaged.
You block the freezing wraith's attack.
The freezing wraith hits you but does no damage.
You hit the freezing wraith but do no damage.
The freezing wraith is lightly damaged.
You feel better.
You feel like a meek peon again. The freezing wraith hits you.
The freezing wraith freezes you! You resist.
You block the freezing wraith's attack.
You barely miss the freezing wraith.
The freezing wraith is lightly damaged.
You hit the wight.
Your hands slow down.
The shadow slips into darkness.
The shadow flickers and vanishes!
Deactivating autopickup; reactivate with Ctrl-A.
The freezing wraith hits you but does no damage.
The freezing wraith hits you!
* * * LOW HITPOINT WARNING * * *
The freezing wraith drains your vigour!
You feel as though you will be slow longer.
The wight hits you with a +0 dagger.
* * * LOW HITPOINT WARNING * * *
As you read the scroll of teleportation, it crumbles to dust.
You feel strangely unstable. The freezing wraith hits you!
* * * LOW HITPOINT WARNING * * *
The freezing wraith freezes you! You resist.
You die...

,,****,*****,**#.# #.# #.##.#
~~,*,*,*,**,,,*#.#####.###.##.#
~~,*,*,*,*♣♣,**#..............#
,~,*,,,,,*♣..,*#..########.##.#
*,,*,***,*♣♣.♣*#..# #.##.# #
,,***,,,*#♣...♣#..# #.##.# #
*,***,,,*#.~~~....# #.##.###
,,,,,,~,,..~~~.z).# #.##....
*****,,,*#.~~{.W@?# #.######
,****,,,*#♣...♣#†.# #.# #
~,**,***,*♣♣,**#..# #.# #
~,,*,,,,,**,,,*#..# #.# #
~*,*,*,*,***,**#..# #.# #
,,,*,*,*,**,,,*#..# #.# #
,*****,*****,**#..########.# #
################...........# #
..................########.######


You could see a freezing wraith and a wight.

Vanquished Creatures
  2 two-headed ogres
  An ugly thing (D:10)
  Maggie (D:8)
  A kobold demonologist (D:10)
  2 wyverns (D:9)
  Eustachio (D:5)
  Grum (D:8)
  8 yaks
  A basilisk (D:10)
  3 steam dragons
  4 vampire mosquitoes (D:8)
  Menkaure (D:5)
  3 water moccasins
  A black bear (D:7)
  An ice beast (D:7)
  2 ogres
  6 orc warriors
  A sky beast (D:8)
  3 wolves (D:8)
  5 centaurs
  2 phantoms (D:7)
  4 kobold brigands
  2 elf zombies (Ossuary)
  8 bullfrogs
  A scorpion (D:5)
  A necrophage (D:7)
  5 wights (D:8)
  6 killer bees (D:8)
  A howler monkey (D:6)
  3 centaur zombies (Ossuary)
  2 jellies (D:6)
  3 gnoll boudas
  6 hounds
  2 human zombies (Ossuary)
  6 orc priests
  6 iguanas
  12 orc wizards
  2 hound zombies (Ossuary)
  3 mummies (Ossuary)
  8 adders
  6 gnolls
  3 white imps (D:6)
  An ufetubus (D:6)
  2 adder zombies (Ossuary)
  3 worms (D:2)
  A dart slug (D:5)
  27 orcs
  8 ball pythons
  6 bats
  8 endoplasms
  A giant cockroach (D:2)
  5 hobgoblins
  3 jackals (D:1)
  3 quokkas
  A frilled lizard (D:1)
  2 gnoll zombies (Ossuary)
  6 goblins
  A goblin zombie (Ossuary)
  4 hobgoblin zombies (Ossuary)
  7 jackal zombies (Ossuary)
  15 kobolds
  4 kobold zombies (Ossuary)
  An orc zombie (Ossuary)
  4 quokka zombies (Ossuary)
  6 rats
  2 rat zombies (Ossuary)
261 creatures vanquished.

Notes
Turn   | Place    | Note
-------+----------+-------------------------------------------
     0 | D:1      | Citaku the Minotaur Fighter began the quest for the Orb.
     0 | D:1      | Reached XP level 1. HP: 19/19 MP: 0/0
    78 | D:1      | Reached XP level 2. HP: 25/27 MP: 1/1
   334 | D:1      | Found a faded altar of an unknown god.
   372 | D:1      | Prayed at the altar of an unknown god.
   372 | D:1      | Became a worshipper of Ru the Awakened
   840 | D:2      | Reached XP level 3. HP: 32/33 MP: 2/2
  1171 | D:2      | Identified the +3 hand axe "Siboogewn" {freeze, rPois rN++
                  | rCorr}
  1833 | D:3      | Gained mutation: Your body sometimes deteriorates upon
                  | taking damage. [potion of mutation]
  1833 | D:3      | Gained mutation: Armour fits poorly on your strangely
                  | shaped body. [potion of mutation]
  1833 | D:3      | Gained mutation: You have a pair of large horns on your
                  | head. [potion of mutation]
  1876 | D:3      | Reached XP level 4. HP: 31/40 MP: 3/3
  1968 | D:3      | Reached skill level 1 in Dodging
  2357 | D:4      | Reached skill level 5 in Armour
  2453 | D:4      | Reached XP level 5. HP: 46/46 MP: 4/4
  3204 | D:5      | Entered Level 5 of the Dungeon
  3211 | D:5      | Noticed Menkaure
  3222 | D:5      | Killed Menkaure
  3223 | D:5      | Reached XP level 6. HP: 45/52 MP: 5/5
  3286 | D:5      | Noticed Eustachio
  3291 | D:5      | Killed Eustachio
  3295 | D:5      | Reached skill level 5 in Fighting
  3618 | D:5      | Reached skill level 5 in Axes
  3693 | D:5      | Reached XP level 7. HP: 61/61 MP: 6/6
  3993 | D:5      | Found a glowing silver altar of Zin.
  4404 | D:6      | Found a sand-covered staircase.
  4406 | D:6      | Reached XP level 8. HP: 70/70 MP: 7/7
  4449 | Ossuary  | Entered an ossuary
  4472 | Ossuary  | Reached skill level 5 in Shields
  4964 | D:6      | Found a broken altar of Ashenzari.
  5026 | D:6      | Found an iron altar of Okawaru.
  5061 | D:6      | Fell from the grace of Ru
  5061 | D:6      | Became a worshipper of Warmaster Okawaru
  5337 | D:6      | Found an ancient bone altar of Kikubaaqudgha.
  5422 | D:6      | Noticed a two-headed ogre
  5433 | D:6      | Killed a two-headed ogre
  5434 | D:6      | Reached XP level 9. HP: 54/79 MP: 8/8
  5937 | D:6      | Found a transporter.
  5937 | D:6      | Noticed bosakos's ghost (novice MfGl)
  5991 | D:6      | Found a transporter.
  6435 | D:6      | Reached * piety under Okawaru
  6545 | D:6      | Found a faded altar of an unknown god.
  6546 | D:6      | Found a hazy altar of Hepliaklqana.
  6929 | D:7      | Found Sokeaf's Antique Weapon Boutique.
  6944 | D:7      | Found Akaigoge's Antique Armour Shop.
  7126 | D:7      | Reached skill level 1 in Stealth
  7200 | D:7      | Reached skill level 10 in Axes
  7213 | D:7      | Reached skill level 10 in Armour
  7702 | D:7      | Reached XP level 10. HP: 71/88 MP: 6/9
  7715 | D:7      | Reached ** piety under Okawaru
  7875 | D:7      | Found a staircase to the Ecumenical Temple.
  7912 | D:7      | Found Zenyi's Armour Shop.
  7945 | D:7      | Found Renaoqank's General Store.
  7953 | D:7      | Found Wam Jafe's Antique Armour Shoppe.
  7962 | D:7      | Bought a glowing ring mail for 147 gold pieces
  7962 | D:7      | Bought a pair of embroidered gloves for 157 gold pieces
  8307 | Temple   | Entered the Ecumenical Temple
  9006 | D:8      | Lost mutation: You have a pair of large horns on your head.
                  | [potion of mutation]
  9006 | D:8      | Lost mutation: Your body sometimes deteriorates upon taking
                  | damage. [potion of mutation]
  9006 | D:8      | Gained mutation: You have large cloven feet. [potion of
                  | mutation]
  9310 | D:8      | Noticed Maggie
  9319 | D:8      | Killed Maggie
  9319 | D:8      | Reached *** piety under Okawaru
  9460 | D:8      | Noticed Grum
  9467 | D:8      | Killed Grum
  9674 | D:8      | Lost mutation: Armour fits poorly on your strangely shaped
                  | body. [potion of mutation]
  9674 | D:8      | Lost mutation: You have large cloven feet. [potion of
                  | mutation]
  9674 | D:8      | Gained mutation: You have sharp toenails. [potion of
                  | mutation]
  9674 | D:8      | Gained mutation: Your system is resistant to poisons.
                  | (rPois) [potion of mutation]
  9754 | D:8      | Found a sparkling altar of Nemelex Xobeh.
 10186 | D:9      | Reached **** piety under Okawaru
 10200 | D:9      | Reached XP level 11. HP: 50/95 MP: 10/10
 10331 | D:9      | Lost mutation: You have sharp toenails. [potion of
                  | mutation]
 10331 | D:9      | Lost mutation: Your system is resistant to poisons. (rPois)
                  | [potion of mutation]
 10331 | D:9      | Gained mutation: Your spells are a little harder to cast,
                  | but a little more powerful. [potion of mutation]
 10331 | D:9      | Gained mutation: Your flesh is cold resistant. (rC+)
                  | [potion of mutation]
 10790 | D:10     | Entered Level 10 of the Dungeon
 11171 | D:10     | Noticed a red ugly thing
 11172 | D:10     | Noticed a two-headed ogre
 11184 | D:10     | Killed a two-headed ogre
 11187 | D:10     | Killed a red ugly thing
 11200 | D:10     | Slain by a freezing wraith

Illustrated notes

Levels and vault maps discovered:
D:1:      amcnicky_arrival_gap_in_the_tavern_cellar, layout_basic,
          hellmonk_ecumenical_altar_heavens_door
D:2:      layout_loops_ring, minmay_misc_feat_rugged
D:3:      layout_basic, minmay_misc_feat_enclosed
D:4:      nicolae_BIG_FREAKIN_CUBE, layout_basic
D:5:      layout_cave_pools, marbit_many_paths, uniq_eustachio, uniq_menkaure
D:6:      layout_basic, beargit_hepliaklqana_dungeon_heroes,
          mainiacjoe_overflow_boulevard, mainiacjoe_overflow_24_doors,
          okawaru_ov_weapons_minmay, nicolae_ossuary_entry_monument,
          gammafunk_ghost_arena, minmay_chambers_of_fives
D:7:      layout_cave_pools, minmay_temple_entry_fiery, serial_shops, shop,
          shop, nicolae_shop_window_shopping, nicolae_take_the_stairs,
          nicolae_stop_n_shop_2, minmay_starry_boxes
D:8:      layout_loops_cross, nemelex_diamond_rough_becter, minmay_puff,
          uniq_maggie, uniq_grum
D:9:      layout_rooms
D:10:     nzn_winding_woodlands_small [nzn_winding_woodlands_5x15_pool,
          nzn_winding_woodlands_center_pierced_h,
          nzn_winding_woodlands_5x15_pathside_ponds], layout_basic,
          dpeg_lair_monsters, kennysheep_orc_monster_closet_entryway,
          gammafunk_ghost_hive, chequers_serial_rivers_room_b, uniq_erolcha
Temple:   nicolae_temple_x_marks_the_god

Skill      XL: |  1  2  3  4  5  6  7  8  9 10 11 |
---------------+----------------------------------+-----
Shields        | 4 5 6 7 |  7.7
Armour         | 4 5 6 7 8 10 12 | 12.8
Fighting       | 4 5 7 8 9 |  9.5
Axes           | 3 4 5 6 8 10 11 12 | 12.0
Dodging        | 1 2 3 4 |  4.7
Stealth        | 1 2 |  2.4
Invocations    | |  0.5

Action                   |  1- 3 |  4- 6 |  7- 9 | 10-12 || total
-------------------------+-------+-------+-------+-------++-------
Melee: War axe           |    65 |       |       |       ||    65
       Headbutt          |     8 |     4 |    48 |    39 ||    99
       Hand axe          |    18 |    43 |   262 |   219 ||   542
       Kick              |       |       |       |    28 ||    28
Invok: Heroism           |       |       |     1 |     1 ||     2
       Finesse           |       |       |       |     1 ||     1
  Use: Potion            |     7 |     2 |     7 |    11 ||    27
       Scroll            |     5 |     2 |    10 |     9 ||    26
Armor: Scale mail        |    45 |     9 |    71 |       ||   125
       Plate armour      |       |       |    19 |   126 ||   145
Dodge: Dodged            |    56 |    22 |   124 |    90 ||   292
Block: Buckler           |    23 |     3 |    72 |    65 ||   163

Table legend: (Time is in decaauts)
 A = Elapsed time spent in this place.
 B = Non-inter-level travel time spent in this place.
 C = Inter-level travel time spent in this place.
 D = Time resting spent in this place.
 E = Time spent auto-exploring this place.
 F = Levels seen in this place.
 G = Mean time per level.
                   A        B        C        D        E       F      G
               +--------+--------+--------+--------+--------+-----+--------+
         Total |  11122 |  11122 |      0 |   2870 |   2455 |  12 |  926.8 |
       Dungeon |  10574 |  10574 |      0 |   2768 |   2446 |  10 | 1057.4 |
        Temple |    113 |    113 |      0 |      0 |      0 |   1 |  113.0 |
       Ossuary |    434 |    434 |      0 |    102 |      9 |   1 |  434.0 |
               +--------+--------+--------+--------+--------+-----+--------+

Top non-repeatable levels by time:
     D:6: 2172 daAuts
     D:8: 1529 daAuts
     D:7: 1418 daAuts
     D:5: 1040 daAuts
     D:4: 924 daAuts
     D:1: 844 daAuts
     D:2: 783 daAuts
     D:3: 737 daAuts
     D:9: 725 daAuts
 Ossuary: 434 daAuts
    D:10: 396 daAuts
  Temple: 113 daAuts
